 Dungeon Crawl Stone Soup version 0.19-a0-13-gc67dc5e (webtiles) character file.

773 Etesian the Conjurer (level 7, -4/36 HPs)
             Began as a Deep Elf Air Elementalist on Apr 29, 2016.
             Slain by an orc warrior
             ... wielding a +2 scimitar of holy wrath
              (12 damage)
             ... on level 6 of the Dungeon.
             The game lasted 00:16:21 (5176 turns).

Etesian the Conjurer (Deep Elf Air Elementalist)    Turns: 5176, Time: 00:16:22

Health: -4/36      AC:  4    Str:  7    XL:     7   Next: 53%
Magic:  3/17       EV: 14    Int: 24    God:
Gold:   352        SH:  0    Dex: 17    Spells: 4 memorised, 5 levels left

rFire  . . .     SeeInvis .     r - +2 long sword (holy)
rCold  . . .     Gourm    .     a - +0 robe
rNeg   + . .     Faith    .     (no shield)
rPois  .         Spirit   .     f - +1 helmet
rElec  .         Dismiss  .     (no cloak)
rCorr  .         Reflect  .     (no gloves)
SustAt .         Harm     .     (no boots)
MR     .....                    (no amulet)
Stlth  ++........               (no ring)
                                t - ring of positive energy

@: not resistant to hostile enchantments, unstealthy
A: agile 1, clever 1, strong 1
a: no special abilities


You were on level 6 of the Dungeon.
You were not hungry.

You visited 1 branch of the dungeon, and saw 6 of its levels.

You collected 352 gold pieces.

Inventory:

Hand Weapons
 r - a +2 long sword of holy wrath (weapon)
Armour
 a - a +0 robe (worn)
 f - a +1 helmet (worn)
Jewellery
 t - a ring of positive energy (left hand)
Scrolls
 l - 3 scrolls of remove curse
 p - a scroll of brand weapon {unknown}
 s - a scroll of recharging
 w - a scroll of fog {unknown}
Potions
 d - a potion of lignification {unknown}
 e - a potion of heal wounds {unknown}
 h - 3 potions of might
 i - a potion of agility
 j - 3 potions of curing
 k - a potion of flight {unknown}
 n - a potion of cure mutation
 u - a potion of magic {unknown}
 v - a potion of berserk rage {unknown}
 x - a potion of haste {unknown}
Books
 b - a book of Air

   Spells                             Type                      Level
   a - Shock                          Conjuration/Air              1
   b - Swiftness                      Charms/Air                   2
   c - Repel Missiles                 Charms/Air                   2
   d - Static Discharge               Conjuration/Air              3
   e - Lightning Bolt                 Conjuration/Air              5
Comestibles
 c - 3 bread rations
 g - 3 beef jerkies
 m - 5 meat rations
 o - 2 fruits
 q - a slice of pizza


   Skills:
 + Level 4.3 Dodging
 - Level 2.4 Stealth
 + Level 5.3 Spellcasting
 * Level 5.7 Conjurations
 * Level 5.6 Air Magic


You had 5 spell levels left.
You knew the following spells:

 Your Spells              Type           Power        Failure   Level  Hunger
a - Shock                 Conj/Air       ####         1%          1    None
b - Repel Missiles        Chrm/Air       ###...       4%          2    None
d - Static Discharge      Conj/Air       ####....     2%          3    ##.....
e - Lightning Bolt        Conj/Air       ####......   28%         5    #####..


Dungeon Overview and Level Annotations

Branches:
Dungeon (6/15)
 Temple: D:4-7

Altars:
Cheibriados
Makhleb
Okawaru
Pakellas
Qazlal
Xom
Zin


Innate Abilities, Weirdness & Mutations

You are agile. (Dex +2)
Your mind is acute. (Int +2)
Your muscles are strong. (Str +2)


Message History

You hear a mighty clap of thunder!
The bolt of lightning misses the orc warrior.
The bolt of lightning hits the orc.
The orc is lightly wounded.
You hear a shout!
The orc warrior hits you with a scimitar of holy wrath!!
Ouch! That really hurt!
* * * LOW HITPOINT WARNING * * *
You take 18 damage, and have 8/36 hp.
MASSIVE DAMAGE!!
You now have 8/17 mp.
Casting: Lightning Bolt
Confirm with . or Enter, or press ? or * to list all spells.
Aiming: Lightning Bolt
Press: ? - help, Shift-Dir - straight line, f - orc warrior
Aim: an orc warrior, wielding a scimitar of holy wrath and wearing a plate armour (lightly wounded)
You hear a mighty clap of thunder!
The bolt of lightning hits the orc warrior.
The orc warrior is heavily wounded.
* * * LOW MAGIC WARNING * * *
The orc warrior hits you with a scimitar of holy wrath!
You die...

รท.....#.....#
......#....<#....#
....
......#.....#....#
....
##....'.....#..<.+
....
##...>#.....#....#
o.. ##....#.....#...#
..#
.#....#.....#...##..#
.#....#.....#....o..#
##....#.....'...@o..#
##....#.....#...##+##
##....#.....#...#
......#.....#...#
......#.....#...#
###..##.....###'#
###'##........#.#####
.....#........#.....#
.....#........#.....#


You could see an orc warrior and 2 orcs.

Vanquished Creatures
  3 ogres
  A scorpion (D:4)
  A giant frog zombie (D:6)
  3 orc wizards
  5 worker ants
  Robin (D:2)
  11 adders
  A shadow imp (D:5)
  An ooze (D:1)
  A worm (D:3)
  2 dart slugs (D:3)
  4 giant geckos
  15 orcs
  2 ball pythons
  3 giant cockroaches
  19 goblins
  11 hobgoblins
  10 jackals
  2 quokkas
  A ball python skeleton (D:3)
  4 bats
  2 giant newts
  A jackal skeleton (D:5)
  4 kobolds
  8 rats
116 creatures vanquished.

Notes
Turn   | Place    | Note
--------------------------------------------------------------
     0 | D:1      | Etesian the Deep Elf Air Elementalist began the quest for the Orb.
     0 | D:1      | Reached XP level 1. HP: 10/10 MP: 6/6
    83 | D:1      | Reached XP level 2. HP: 5/15 MP: 0/8
  1026 | D:1      | Reached XP level 3. HP: 18/19 MP: 2/9
  1031 | D:1      | Learned a level 3 spell: Static Discharge
  1131 | D:1      | Gained mutation: Your mind is acute. (Int +2) [potion of mutation]
  1131 | D:1      | Gained mutation: Your muscles are strong. (Str +2) [potion of mutation]
  1131 | D:1      | Gained mutation: You are agile. (Dex +2) [potion of mutation]
  1165 | D:2      | Found a shimmering altar of Xom.
  1489 | D:2      | Noticed Robin
  1593 | D:2      | Killed Robin
  1593 | D:2      | Reached XP level 4. HP: 23/24 MP: 1/11
  2418 | D:3      | Reached XP level 5. HP: 23/28 MP: 6/13
  2544 | D:3      | Learned a level 5 spell: Lightning Bolt
  2609 | D:3      | Found a faded altar to an unknown god.
  2940 | D:3      | Found a snail-covered altar of Cheibriados.
  3199 | D:4      | Found a stormy altar of Qazlal.
  3201 | D:4      | Noticed a fire elemental
  3202 | D:4      | Noticed an air elemental
  3202 | D:4      | Noticed a water elemental
  3214 | D:4      | Found an iron altar of Okawaru.
  3253 | D:4      | Reached XP level 6. HP: 32/32 MP: 5/14
  3616 | D:4      | Reached skill level 5 in Air Magic
  4090 | D:5      | Entered Level 5 of the Dungeon
  4194 | D:5      | Found an oddly glowing altar of Pakellas.
  4240 | D:5      | Reached skill level 5 in Conjurations
  4262 | D:5      | Reached skill level 5 in Spellcasting
  4262 | D:5      | Reached XP level 7. HP: 36/36 MP: 11/16
  4263 | D:5      | Found a burning altar of Makhleb.
  4267 | D:5      | Learned a level 2 spell: Repel Missiles
  4269 | D:5      | Found a glowing silver altar of Zin.
  4269 | D:5      | Noticed a balrug
  4269 | D:5      | Noticed an angel
  4326 | D:5      | Found a burning altar of Makhleb.
  4326 | D:5      | Noticed a blizzard demon
  4329 | D:5      | Noticed a smoke demon
  4329 | D:5      | Noticed a smoke demon
  5176 | D:6      | Slain by an orc warrior

Vault maps used:
D:1:      sevenhm_arrival_forest_fort_small_3
D:2:      kennysheep_goblin_castle, xom_teletrap_fun
D:3:      kennysheep_slug_shrine, ecumenical_altar_1,
          hangedman_abyss_or_decor_lesser_grid
D:4:      nicolae_qazlal_style_of_elements, nicolae_overflow_hidden_temple,
          first_bread
D:5:      grunt_temple_overflow_order_and_chaos_2, lemuel_doored_altar,
          makhleb_altar_promises_db
D:6:      serial_bayou_crossing

Skill      XL: |  1  2  3  4  5  6 |
---------------+-------------------+-----
Conjurations   | 2 3 4 5 |  5.7
Spellcasting   | 4 5 |  5.3
Air Magic      | 4 5 |  5.6
Dodging        | 3 4 |  4.3
Stealth        | |  2.4

Action                   |  1- 3 |  4- 6 |  7- 9 || total
-------------------------+-------+-------+-------++-------
Melee: Unarmed           |    24 |     9 |       ||    33
       Falchion          |       |    16 |       ||    16
 Cast: Shock             |    77 |   131 |    23 ||   231
       Static Discharge  |       |    10 |     2 ||    12
       Lightning Bolt    |       |       |     3 ||     3
  Use: Scroll            |     3 |     5 |     1 ||     9
       Potion            |     1 |       |       ||     1
 Stab: Sleeping          |     2 |       |       ||     2
  Eat: Chunk             |     2 |     9 |     3 ||    14
Armor: Robe              |     8 |    14 |       ||    22
Dodge: Dodged            |    31 |    32 |     4 ||    67
